TOP OF THE 1ST |
Thunder Bay Northern Lions BC batting - Pitching for Nashville Outlaws : RHP Jesús Cruz
|
Pitching: RHP Jesús Cruz
|
|
Batting: LHB Keaton Kringlen
|
0-0: Ball 1-0: Swinging Strike 1-1: Swinging Strike 1-2: Ball 2-2: Fly out, F8 (Flyball, 8LD, EV 97.5 MPH)
|
Batting: LHB Sébastien Cornu
|
0-0: Foul Ball, location: 2F 0-1: Ball 1-1: Foul Ball, location: 2F 1-2: Foul Ball, location: 2F 1-2: DOUBLE (Line Drive, 78D, EV 104.4 MPH)
|
Batting: RHB Charles Josse
|
0-0: Foul Ball, location: 2F 0-1: Ball 1-1: Foul Ball, location: 2F 1-2: Ball 2-2: Ball 3-2: Ground out 6-3 (Groundball, 6, EV 106.2 MPH)
|
Batting: RHB Jason Slaybaugh
|
0-0: Called Strike 0-1: Ball 1-1: Ball 2-1: Fly out, F8 (Flyball, 89M, EV 85.6 MPH)
|
Top of the 1st over - 0 runs, 1 hit, 0 errors, 1 left on base; Thunder Bay 0 - Nashville 0 |
BOTTOM OF THE 1ST |
Nashville Outlaws batting - Pitching for Thunder Bay Northern Lions BC : RHP Marnix van Rijn
|
Pitching: RHP Marnix van Rijn
|
|
Batting: LHB Brian Harmon
|
0-0: Ball 1-0: Foul Ball, location: 2F 1-1: Ball 2-1: Ball 3-1: Ground out 1-3 (Groundball, P, EV 65.0 MPH)
|
Batting: LHB Juan Santángel
|
0-0: Swinging Strike 0-1: Swinging Strike 0-2: Strikes out looking
|
Batting: RHB Javier Sierra
|
0-0: Called Strike 0-1: Fly out, F4 (Popup, 4, EV 45.0 MPH)
|
Bottom of the 1st over - 0 runs, 0 hits, 0 errors, 0 left on base; Thunder Bay 0 - Nashville 0 |
TOP OF THE 2ND |
Thunder Bay Northern Lions BC batting - Pitching for Nashville Outlaws : RHP Jesús Cruz
|
Batting: LHB Gilberto Ocasio
|
0-0: Ball 1-0: Ball 2-0: Ball 3-0: Called Strike 3-1: SOLO HOME RUN (Flyball, 89XD, EV 98.1 MPH), Distance : 405 ft
|
Batting: LHB Ramón Padilla
|
0-0: Ball 1-0: Called Strike 1-1: Ground out 6-3 (Groundball, 6, EV 84.4 MPH)
|
Batting: RHB Curf Pierstisnips
|
0-0: Fly out, F4 (Popup, 34S, EV 86.9 MPH)
|
Batting: SHB Takeshi Kovacs
|
0-0: Ball 1-0: Foul Ball, location: 2F 1-1: SINGLE (Line Drive, 34D, EV 102.5 MPH)
|
Batting: RHB Álex Chávez
|
0-0: Called Strike 0-1: Ball 1-1: Foul Ball, location: 2F 1-2: Strikes out swinging
|
Top of the 2nd over - 1 run, 2 hits, 0 errors, 1 left on base; Thunder Bay 1 - Nashville 0 |
BOTTOM OF THE 2ND |
Nashville Outlaws batting - Pitching for Thunder Bay Northern Lions BC : RHP Marnix van Rijn
|
Batting: LHB Nikolai Volkoff
|
0-0: Ball 1-0: Called Strike 1-1: Swinging Strike 1-2: Strikes out swinging
|
Batting: RHB Bastiaan Pieterse
|
0-0: Foul Ball, location: 2F 0-1: SINGLE (Groundball, 4D, EV 98.1 MPH)
|
Batting: RHB Broderick Sarcoma
|
0-0: Foul Ball, location: 2F 0-1: Hit by Pitch Bastiaan Pieterse to second
|
Batting: LHB Bartolo Soto
|
0-0: SINGLE (Line Drive, 4M, EV 94.4 MPH) Bastiaan Pieterse to third Broderick Sarcoma to second Runner from 3rd tries for Home, SAFE, no throw by CF
|
Batting: RHB Mike Case
|
0-0: Ball 1-0: Foul Ball, location: 2F 1-1: Ball 2-1: Fielders Choice at 2nd, 6-4 (Groundball, 6, EV 80.0 MPH) Broderick Sarcoma to third
|
Batting: LHB Wilson Hernández
|
0-0: Ball 1-0: Swinging Strike 1-1: Swinging Strike 1-2: Foul Ball, location: 2F 1-2: Ball 2-2: Ball 3-2: Foul Ball, location: 2F 3-2: Foul Ball, location: 2F 3-2: Foul Ball, location: 2F 3-2: SINGLE (Groundball, 6, EV 111.2 MPH) (infield hit) Broderick Sarcoma scores Mike Case to second
|
Batting: LHB Brian Harmon
|
0-0: Foul Ball, location: 2F 0-1: Ground out 3-1 (Groundball, 34, EV 83.1 MPH)
|
Bottom of the 2nd over - 2 runs, 3 hits, 0 errors, 2 left on base; Thunder Bay 1 - Nashville 2 |
TOP OF THE 3RD |
Thunder Bay Northern Lions BC batting - Pitching for Nashville Outlaws : RHP Jesús Cruz
|
Batting: LHB Keaton Kringlen
|
0-0: Ball 1-0: Ball 2-0: Ball 3-0: Called Strike 3-1: Foul Ball, location: 2F 3-2: Fly out, F6 (Popup, 6MS, EV 85.0 MPH)
|
Batting: LHB Sébastien Cornu
|
0-0: Ball 1-0: Ground out 4-3 (Groundball, 4MS, EV 81.9 MPH)
|
Batting: RHB Charles Josse
|
0-0: Swinging Strike 0-1: Foul Ball, location: 2F 0-2: Foul Ball, location: 2F 0-2: Ball 1-2: Ball 2-2: Fly out, F7 (Flyball, 7, EV 80.6 MPH)
|
Top of the 3rd over - 0 runs, 0 hits, 0 errors, 0 left on base; Thunder Bay 1 - Nashville 2 |
BOTTOM OF THE 3RD |
Nashville Outlaws batting - Pitching for Thunder Bay Northern Lions BC : RHP Marnix van Rijn
|
Batting: LHB Juan Santángel
|
0-0: Ball 1-0: Ball 2-0: Ball 3-0: Called Strike 3-1: Called Strike 3-2: Ground out 4-3 (Groundball, 4, EV 86.2 MPH)
|
Batting: RHB Javier Sierra
|
0-0: Swinging Strike 0-1: Called Strike 0-2: Ball 1-2: Ball 2-2: Ball 3-2: Base on Balls
|
Batting: LHB Nikolai Volkoff
|
0-0: SINGLE (Groundball, 56D, EV 110.6 MPH) Javier Sierra to second
|
Batting: RHB Bastiaan Pieterse
|
0-0: Ball 1-0: Fly out, F4 (Popup, 4S, EV 71.9 MPH)
|
Batting: RHB Broderick Sarcoma
|
0-0: Ball 1-0: Ground out 2-3 (Groundball, 2L, EV 68.1 MPH)
|
Bottom of the 3rd over - 0 runs, 1 hit, 0 errors, 2 left on base; Thunder Bay 1 - Nashville 2 |
TOP OF THE 4TH |
Thunder Bay Northern Lions BC batting - Pitching for Nashville Outlaws : RHP Jesús Cruz
|
Batting: RHB Jason Slaybaugh
|
0-0: Called Strike 0-1: Ball 1-1: Called Strike 1-2: Strikes out swinging
|
Batting: LHB Gilberto Ocasio
|
0-0: Foul Ball, location: 2F 0-1: Called Strike 0-2: Ball 1-2: Strikes out swinging
|
Batting: LHB Ramón Padilla
|
0-0: Ball 1-0: Foul Ball, location: 2F 1-1: Foul Ball, location: 2F 1-2: Strikes out swinging
|
Top of the 4th over - 0 runs, 0 hits, 0 errors, 0 left on base; Thunder Bay 1 - Nashville 2 |
BOTTOM OF THE 4TH |
Nashville Outlaws batting - Pitching for Thunder Bay Northern Lions BC : RHP Marnix van Rijn
|
Batting: LHB Bartolo Soto
|
0-0: DOUBLE (Line Drive, 3D, EV 95.6 MPH)
|
Batting: RHB Mike Case
|
0-0: Ground out 5-3 (Groundball, 56S, EV 89.4 MPH)
|
Batting: LHB Wilson Hernández
|
0-0: Ground out 5-3 (Groundball, 5, EV 105.6 MPH)
|
Batting: LHB Brian Harmon
|
0-0: Ball 1-0: Ball 2-0: Ball 3-0: Called Strike 3-1: Called Strike 3-2: Fly out, F9 (Flyball, 89S, EV 90.6 MPH)
|
Bottom of the 4th over - 0 runs, 1 hit, 0 errors, 1 left on base; Thunder Bay 1 - Nashville 2 |
TOP OF THE 5TH |
Thunder Bay Northern Lions BC batting - Pitching for Nashville Outlaws : RHP Jesús Cruz
|
Batting: RHB Curf Pierstisnips
|
0-0: Foul Ball, location: 2F 0-1: Ball 1-1: Ball 2-1: Ball 3-1: Called Strike 3-2: SINGLE (Line Drive, 8LS, EV 108.8 MPH)
|
Batting: SHB Takeshi Kovacs
|
0-0: Ball Curf Pierstisnips steals 2nd base 1-0: Ball 2-0: 2-RUN HOME RUN (Flyball, 9LD, EV 95.0 MPH), Distance : 333 ft
|
Batting: RHB Álex Chávez
|
0-0: Swinging Strike 0-1: Swinging Strike 0-2: Strikes out swinging
|
Batting: LHB Keaton Kringlen
|
0-0: Foul Ball, location: 2F 0-1: Fly out, F8 (Flyball, 89S, EV 81.9 MPH)
|
Batting: LHB Sébastien Cornu
|
0-0: Ball 1-0: Called Strike 1-1: Fly out, F2 (Popup, 5SF, EV 71.9 MPH)
|
Top of the 5th over - 2 runs, 2 hits, 0 errors, 0 left on base; Thunder Bay 3 - Nashville 2 |
BOTTOM OF THE 5TH |
Nashville Outlaws batting - Pitching for Thunder Bay Northern Lions BC : RHP Marnix van Rijn
|
Batting: LHB Juan Santángel
|
0-0: Called Strike 0-1: Ball 1-1: Ball 2-1: Fly out, F7 (Flyball, 78S, EV 76.9 MPH)
|
Batting: RHB Javier Sierra
|
0-0: Ground out 4-3 (Groundball, 4, EV 85.6 MPH)
|
Batting: LHB Nikolai Volkoff
|
0-0: Ball 1-0: Ball 2-0: Ball 3-0: Base on Balls
|
Batting: RHB Bastiaan Pieterse
|
0-0: Called Strike 0-1: Foul Ball, location: 2F 0-2: Strikes out swinging
|
Bottom of the 5th over - 0 runs, 0 hits, 0 errors, 1 left on base; Thunder Bay 3 - Nashville 2 |
TOP OF THE 6TH |
Thunder Bay Northern Lions BC batting - Pitching for Nashville Outlaws : RHP Jesús Cruz
|
Batting: RHB Charles Josse
|
0-0: SINGLE (Line Drive, 56D, EV 101.2 MPH)
|
Batting: RHB Jason Slaybaugh
|
0-0: Called Strike 0-1: Grounds into double play, 4-6-3 (Groundball, 34, EV 99.4 MPH)
|
Batting: LHB Gilberto Ocasio
|
0-0: Ground out 6-3 (Groundball, 6, EV 79.4 MPH)
|
Top of the 6th over - 0 runs, 1 hit, 0 errors, 0 left on base; Thunder Bay 3 - Nashville 2 |
BOTTOM OF THE 6TH |
Nashville Outlaws batting - Pitching for Thunder Bay Northern Lions BC : RHP Marnix van Rijn
|
Batting: RHB Broderick Sarcoma
|
0-0: Ball 1-0: Swinging Strike 1-1: SINGLE (Line Drive, 8RS, EV 103.8 MPH)
|
Batting: LHB Bartolo Soto
|
0-0: Called Strike Broderick Sarcoma steals 2nd base 0-1: Ground out 1-3 (Groundball, 15S, EV 66.2 MPH)
|
Batting: RHB Mike Case
|
0-0: Ball 1-0: Called Strike 1-1: Ball 2-1: Ground out 5-3 (Groundball, 5, EV 86.2 MPH)
|
Batting: LHB Wilson Hernández
|
0-0: Called Strike 0-1: Ball 1-1: Ground out 6-3 (Groundball, 56, EV 101.9 MPH)
|
Bottom of the 6th over - 0 runs, 1 hit, 0 errors, 1 left on base; Thunder Bay 3 - Nashville 2 |
TOP OF THE 7TH |
Thunder Bay Northern Lions BC batting - Pitching for Nashville Outlaws : RHP Jesús Cruz
|
Batting: LHB Ramón Padilla
|
0-0: Foul Ball, location: 2F 0-1: Called Strike 0-2: Ball 1-2: Strikes out looking
|
Batting: RHB Curf Pierstisnips
|
0-0: Ball 1-0: Ball 2-0: DOUBLE (Line Drive, 7LS, EV 100.6 MPH)
|
Pitching: RHP Lorenzo Fabián
|
|
Batting: SHB Takeshi Kovacs
|
0-0: Called Strike 0-1: Ball 1-1: Swinging Strike 1-2: Fly out, F7 (Flyball, 7, EV 88.8 MPH)
|
Batting: RHB Álex Chávez
|
0-0: Called Strike 0-1: Ball 1-1: Fly out, F9 (Line Drive, 9, EV 83.8 MPH)
|
Top of the 7th over - 0 runs, 1 hit, 0 errors, 1 left on base; Thunder Bay 3 - Nashville 2 |
BOTTOM OF THE 7TH |
Nashville Outlaws batting - Pitching for Thunder Bay Northern Lions BC : RHP Marnix van Rijn
|
Batting: LHB Brian Harmon
|
0-0: Ball 1-0: Foul Ball, location: 5F, Error on foul ball, E5 1-1: Foul Ball, location: 2F 1-2: Ball 2-2: Ball 3-2: Base on Balls
|
Pitching: RHP Miguel Rodríguez
|
|
Batting: LHB Juan Santángel
|
0-0: Called Strike 0-1: Foul Ball, location: 2F 0-2: Foul Ball, location: 2F 0-2: Ball 1-2: Ball 2-2: Fly out, F7 (Flyball, 78M, EV 90.6 MPH)
|
Batting: RHB Javier Sierra
|
0-0: Foul Ball, location: 2F 0-1: Ball 1-1: Ball 2-1: Ground out 3-1 (Groundball, 3, EV 85.6 MPH) Brian Harmon to second
|
Batting: LHB Nikolai Volkoff
|
0-0: Ball 1-0: Ball 2-0: Called Strike 2-1: Called Strike 2-2: Ball 3-2: SINGLE (Line Drive, 7S, EV 98.1 MPH) Brian Harmon to third Brian Harmon scores
|
Batting: RHB Bastiaan Pieterse
|
0-0: Ball 1-0: Called Strike 1-1: Ball 2-1: Foul Ball, location: 2F 2-2: Fielders Choice at 2nd, 6-4 (Groundball, 6, EV 83.8 MPH)
|
Bottom of the 7th over - 1 run, 1 hit, 1 error, 1 left on base; Thunder Bay 3 - Nashville 3 |
TOP OF THE 8TH |
Thunder Bay Northern Lions BC batting - Pitching for Nashville Outlaws : RHP Lorenzo Fabián
|
Batting: LHB Keaton Kringlen
|
0-0: Called Strike 0-1: Swinging Strike 0-2: Foul Ball, location: 2F 0-2: Foul Ball, location: 2F 0-2: Strikes out swinging
|
Batting: LHB Sébastien Cornu
|
0-0: Ball 1-0: Swinging Strike 1-1: DOUBLE (Groundball, 3L, EV 102.5 MPH) - OUT at third base trying to stretch hit.
|
Batting: RHB Charles Josse
|
0-0: Ball 1-0: Called Strike 1-1: Ball 2-1: Swinging Strike 2-2: Fly out, F8 (Flyball, 8RXD, EV 105.0 MPH)
|
Top of the 8th over - 0 runs, 1 hit, 0 errors, 0 left on base; Thunder Bay 3 - Nashville 3 |
BOTTOM OF THE 8TH |
Nashville Outlaws batting - Pitching for Thunder Bay Northern Lions BC : RHP Miguel Rodríguez
|
Batting: RHB Broderick Sarcoma
|
0-0: Called Strike 0-1: Ball 1-1: SINGLE (Groundball, 34D, EV 100.6 MPH)
|
Pitching: LHP Peace Addo
|
|
Batting: LHB Bartolo Soto
|
0-0: Ball 1-0: Bunted foul 1-1: Ball 2-1: Sac Bunt to 13S - play at first, batter OUT! 1-4 Broderick Sarcoma to second
|
Batting: RHB Mike Case
|
0-0: Intentional Walk
|
Batting: LHB Wilson Hernández
|
0-0: Ball 1-0: Foul Ball, location: 2F 1-1: Foul Ball, location: 2F 1-2: Fly out, F9 (Flyball, 9, EV 88.1 MPH)
|
Pitching: LHP Mannus Dijkman
|
|
Batting: LHB Brian Harmon
|
0-0: Foul Ball, location: 2F 0-1: Foul Ball, location: 2F 0-2: Strikes out looking
|
Bottom of the 8th over - 0 runs, 1 hit, 0 errors, 2 left on base; Thunder Bay 3 - Nashville 3 |
TOP OF THE 9TH |
Thunder Bay Northern Lions BC batting - Pitching for Nashville Outlaws : RHP Lorenzo Fabián
|
Batting: RHB Jason Slaybaugh
|
0-0: Ball 1-0: Fly out, F8 (Flyball, 89XD, EV 86.2 MPH)
|
Batting: LHB Gilberto Ocasio
|
0-0: Fly out, F7 (Flyball, 7S, EV 78.8 MPH)
|
Batting: LHB Ramón Padilla
|
0-0: Ball 1-0: Fly out, F7 (Flyball, 7S, EV 93.8 MPH)
|
Top of the 9th over - 0 runs, 0 hits, 0 errors, 0 left on base; Thunder Bay 3 - Nashville 3 |
BOTTOM OF THE 9TH |
Nashville Outlaws batting - Pitching for Thunder Bay Northern Lions BC : LHP Mannus Dijkman
|
Batting: LHB Juan Santángel
|
0-0: Foul Ball, location: 2F 0-1: Called Strike 0-2: Ball 1-2: Strikes out swinging
|
Pitching: RHP Jasper Kirby
|
|
Batting: RHB Javier Sierra
|
0-0: Fly out, F8 (Line Drive, 8LM, EV 90.6 MPH)
|
Pitching: LHP Mike Hess
|
|
Batting: LHB Nikolai Volkoff
|
0-0: Ball 1-0: Called Strike 1-1: Called Strike 1-2: Strikes out swinging, 2-3 out at first.
|
Bottom of the 9th over - 0 runs, 0 hits, 0 errors, 0 left on base; Thunder Bay 3 - Nashville 3 |
TOP OF THE 10TH |
Thunder Bay Northern Lions BC batting - Pitching for Nashville Outlaws : RHP Lorenzo Fabián
|
Pitching: RHP Mark Zaugg
|
|
Batting: RHB Curf Pierstisnips
|
0-0: SINGLE (Groundball, 34D, EV 97.5 MPH)
|
Batting: SHB Takeshi Kovacs
|
0-0: Ball 1-0: Ball 2-0: Foul Ball, location: 2F 2-1: Called Strike 2-2: Strikes out swinging
|
Pinch Hitting: LHB Barry Flauker
|
0-0: Ball Curf Pierstisnips steals 2nd base 1-0: Foul Ball, location: 2F 1-1: SINGLE (Groundball, 34S, EV 91.2 MPH) (infield hit) Curf Pierstisnips to third
|
Batting: LHB Keaton Kringlen
|
0-0: Ball Barry Flauker steals 2nd base (no throw) 1-0: Ball 2-0: Ball 3-0: Called Strike 3-1: Ground out 4-3 (Groundball, 4S, EV 86.2 MPH)
|
Batting: LHB Sébastien Cornu
|
0-0: Intentional Walk
|
Batting: RHB Charles Josse
|
0-0: Fielders Choice at 2nd, U6 (Groundball, 6M, EV 100.6 MPH)
|
Top of the 10th over - 0 runs, 2 hits, 0 errors, 3 left on base; Thunder Bay 3 - Nashville 3 |
BOTTOM OF THE 10TH |
Nashville Outlaws batting - Pitching for Thunder Bay Northern Lions BC : LHP Mike Hess
|
Now at SS: Domingo Altamirańo
|
|
Batting: RHB Bastiaan Pieterse
|
0-0: Ball 1-0: Ground out 6-3 (Groundball, 56, EV 79.4 MPH)
|
Batting: RHB Broderick Sarcoma
|
0-0: Ball 1-0: SINGLE (Groundball, 56D, EV 102.5 MPH)
|
Batting: LHB Bartolo Soto
|
0-0: Ball 1-0: SINGLE (Line Drive, 89S, EV 93.1 MPH) Broderick Sarcoma to second Runner from 2nd tries for 3rd, SAFE, no throw by RF
|
Batting: RHB Mike Case
|
0-0: SINGLE (Line Drive, 7S, EV 96.9 MPH) Broderick Sarcoma scores
|
|
Tuesday, January 5th, 2021 - OOTP Baseball 20.8 Build 74
|
|